 Dungeon Crawl Stone Soup version 0.22-b1-21-g5cfc168 (webtiles) character file.

27 wojtek the Chopper (level 2, -2/26 HPs)
             Began as a Minotaur Fighter on Aug 2, 2018.
             Slain by Sigmund
             ... wielding a cursed +0 scythe
              (3 damage)
             ... on level 2 of the Dungeon.
             The game lasted 00:01:08 (923 turns).

wojtek the Chopper (Minotaur Fighter)                Turns: 923, Time: 00:01:08

Health: -2/26      AC:  8    Str: 20    XL:     2   Next: 93%
Magic:  1/1        EV:  7    Int:  5    God:
Gold:   45         SH:  0    Dex:  9    Spells: 1/1 levels left

rFire    . . .     SeeInvis .   a - +0 war axe
rCold    . . .     Gourm    .   c - +0 shield
rNeg     . . .     Faith    .   b - +0 scale mail
rPois    .         Spirit   .   (helmet restricted)
rElec    .         Reflect  .   m - +0 cloak
rCorr    .         Harm     .   (no gloves)
MR       .....                  (no boots)
Stlth    ..........             (no amulet)
HPRegen  0.08/turn              (no ring)
MPRegen  0.07/turn              (no ring)

@: confused
A: retaliatory headbutt, horns 2
a: no special abilities


You were on level 2 of the Dungeon.
You were not hungry.

You visited 1 branch of the dungeon, and saw 2 of its levels.

You collected 45 gold pieces.

Inventory:

Hand Weapons
 a - a +0 war axe (weapon)
Armour
 b - a +0 scale mail (worn)
 c - a +0 shield (worn)
 m - a +0 cloak (worn)
Scrolls
 g - a scroll of identify {unknown}
 j - a scroll of remove curse {unknown}
 k - a scroll of teleportation {unknown}
 l - a scroll of amnesia {unknown}
 n - a scroll of immolation {unknown}
Potions
 d - 2 potions of might
 e - a potion of flight {unknown}
 h - a potion of curing {unknown}
 o - a potion of brilliance {unknown}
 p - a potion of cancellation {unknown}
Comestibles
 f - 5 rations
 i - 2 chunks of flesh


   Skills:
 - Level 3.6 Fighting
 + Level 4.2 Axes
 - Level 3.6 Armour
 - Level 3.6 Shields


You had one spell level left.
You didn't know any spells.
Your spell library was empty.

Dungeon Overview and Level Annotations

Branches:
Dungeon (2/15)

Altars:
Trog
Zin

Annotations:
D:2 Sigmund


Innate Abilities, Weirdness & Mutations

You reflexively headbutt those who attack you in melee.
You have a pair of horns on your head.


Message History

Sigmund hits you with a scythe.
You hit Sigmund.
Sigmund is lightly wounded.
You barely miss Sigmund. You headbutt Sigmund, but do no damage.
Sigmund is lightly wounded.
Sigmund hits you with a scythe.
You closely miss Sigmund. You headbutt Sigmund, but do no damage.
Sigmund is lightly wounded.
Sigmund hits you with a scythe.
* * * LOW HITPOINT WARNING * * *
You barely miss Sigmund.
Sigmund is lightly wounded.
Sigmund gestures at you while chanting.
You are confused.
Sigmund hits you with a scythe.
* * * LOW HITPOINT WARNING * * *
Found a stone staircase leading up.
Sigmund barely misses you. Sigmund hits you with a scythe.
You die...

#........ #.<.......
##......... #.........
####.......# ###
#..........# #.# ##
#..........# #.#
.8##..........######.#
..##.....@........##.#
..>#...%.@......#....#
..##.........#.......#
.8##.................# #
#......##.#..#....#
########......##.##...._.#
.
..#............#.##.###..#
.. ..#........##...#..#
##.# ..#
..........###..#.## #.#


You could see Sigmund.

Vanquished Creatures
  A dart slug (D:1)
  A leopard gecko (D:2)
  5 bats (D:1)
  A giant cockroach (D:1)
  A goblin (D:1)
  3 hobgoblins
  A quokka (D:2)
  3 frilled lizards (D:1)
  3 kobolds (D:1)
  7 rats (D:1)
26 creatures vanquished.

Notes
Turn   | Place    | Note
-------+----------+-------------------------------------------
     0 | D:1      | wojtek the Minotaur Fighter began the quest for the Orb.
     0 | D:1      | Reached XP level 1. HP: 19/19 MP: 0/0
   118 | D:1      | Reached skill level 3 in Axes
   208 | D:1      | Reached XP level 2. HP: 23/26 MP: 1/1
   527 | D:1      | Reached skill level 4 in Axes
   842 | D:2      | Found a glowing silver altar of Zin.
   868 | D:2      | Noticed Sigmund
   885 | D:2      | Found a bloodstained altar of Trog.
   920 | D:2      | HP: 1/26 [Sigmund/scythe (4)]
   923 | D:2      | Slain by Sigmund

Skill      XL: |  1  2 |
---------------+-------+-----
Axes           | 3 4 |  4.2
Fighting       | |  3.6
Armour         | |  3.6
Shields        | |  3.6

Action                   || total
-------------------------++-------
Melee: War axe           ||    58
       Headbutt          ||     8
Armor: Scale mail        ||    33
Dodge: Dodged            ||    17
Block: Shield            ||    36
